 Dungeon Crawl Stone Soup version 0.17.0-9-g801d43b (webtiles) character file.

71855 Leibowitz the Spry (level 15, 0/92 HPs)
             Began as a Kobold Gladiator on Nov 10, 2015.
             Was the Champion of Okawaru.
             Slain by an orc knight
             ... wielding a +0 great mace
              (18 damage)
             ... while paralysed by an orc sorcerer
             ... on level 4 of the Orcish Mines.
             The game lasted 01:49:02 (25178 turns).

Leibowitz the Spry (Kobold Gladiator)              Turns: 25178, Time: 01:49:02

Health: 0/92       AC: 13    Str: 19    XL:     15   Next: 83%
Magic:  21/21      EV:  3    Int: 11    God:    Okawaru [******]
Gold:   3729       SH:  0    Dex: 25    Spells: 1 memorised, 13 levels left

rFire  . . .     SeeInvis .     a - +3 dagger (venom)
rCold  . . .     Clarity  .     Z - +0 troll leather armour "Bomeom" {Regen+ Str+2 Int+2} (curse)
rNeg   + . .     SustAt   .     I - +0 buckler
rPois  +         Gourm    .     E - +2 hat "Affaann" {Stlth+}
rElec  .         Spirit   .     z - +1 cloak {rPois}
rCorr  .         Warding  .     K - +0 pair of gloves "Zirewirr" {rN+ Regen+ Str+3 Int+3}
rMut   +         Stasis   .     j - +2 pair of boots {Fly}
MR     +....                    G - amulet of resist mutation
Stlth  ++++++++..               W - +3 ring of slaying
                                Y - +4 ring of dexterity

@: paralysed, flying, drained, somewhat resistant to hostile enchantments,
extraordinarily stealthy
A: carnivore 3, clumsy 1, mutation resistance 1, regeneration 1, screaming 1,
spit poison 1
a: Spit Poison, Heroism, Finesse, Renounce Religion, Stop Flying


You were on level 4 of the Orcish Mines.
You worshipped Okawaru.
Okawaru was exalted by your worship.
You were very full.

You visited 4 branches of the dungeon, and saw 24 of its levels.
You also visited: Bailey and Volcano.

You collected 3779 gold pieces.
You spent 50 gold pieces at shops.

Inventory:

Hand Weapons
 a - a +3 dagger of venom (weapon)
 b - a +0 blowgun
 g - the +3 short sword of Accord {flame, MP+9 Int+6 Stlth+}
   (You found it on level 2 of the Lair of Beasts)

   It has been specially enchanted to burn those struck by it, causing extra
   injury to most foes and up to half again as much damage against particularly
   susceptible opponents.
   It affects your intelligence (+6).
   It affects your magic capacity (+9).
   It makes you more stealthy.
 i - the +7 Spriggan's Knife {MR+ EV+4 Dex+4 Stlth+}
   (Okawaru gifted it to you on level 8 of the Lair of Beasts)

   It affects your evasion (+4).
   It affects your dexterity (+4).
   It affects your resistance to hostile enchantments.
   It makes you more stealthy.
 V - the +1 quick blade "Globulus" {drain, +Blink +Rage rN+ MR-}
   (Okawaru gifted it to you on level 3 of the Lair of Beasts)

   A truly terrible weapon, it drains the life of those it strikes.
   It protects you from negative energy.
   It affects your resistance to hostile enchantments.
   It lets you blink.
   It lets you go berserk.
Missiles
 d - 5 throwing nets (quivered)
 k - 9 curare-tipped needles
Armour
 j - a +2 pair of boots of flying (worn)
 z - a +1 cloak of poison resistance (worn)
 E - the +2 hat "Affaann" (worn) {Stlth+}
   (Okawaru gifted it to you on level 5 of the Lair of Beasts)

   It makes you more stealthy.
 I - a +0 buckler (worn)
 K - the +0 pair of gloves "Zirewirr" (worn) {rN+ Regen+ Str+3 Int+3}
   (Okawaru gifted it to you on level 10 of the Dungeon)

   It affects your strength (+3).
   It affects your intelligence (+3).
   It protects you from negative energy.
   It increases your rate of regeneration.
 Z - the cursed +0 troll leather armour "Bomeom" (worn) {Regen+ Str+2 Int+2}
   (You found it on level 8 of the Lair of Beasts)

   It affects your strength (+2).
   It affects your intelligence (+2).
   It increases your rate of regeneration.
   It has a curse placed upon it.
Jewellery
 o - an uncursed amulet of clarity
 y - an uncursed ring of flight
 G - an amulet of resist mutation (around neck)
 T - an uncursed ring of protection from magic
 W - a +3 ring of slaying (right hand)
 Y - a +4 ring of dexterity (left hand)
Wands
 c - a wand of teleportation (4)
 m - a wand of lightning (6)
 s - a wand of confusion (20)
 A - a wand of fire (8)
 H - a wand of draining (4)
 Q - a wand of invisibility (4)
 X - a wand of digging (13)
Scrolls
 e - 12 scrolls of remove curse
 n - 2 scrolls of blinking
 q - 5 scrolls of teleportation
 t - 5 scrolls of fog
 v - 4 scrolls of recharging
 B - 2 scrolls of magic mapping
 C - 11 scrolls of identify
 J - 2 scrolls of silence
Potions
 f - a potion of ambrosia
 h - a potion of berserk rage
 p - 7 potions of curing
 u - 2 potions of flight
 x - 4 potions of haste
 L - a potion of lignification
 N - 4 potions of might
 R - a potion of heal wounds
 S - 2 potions of agility
 U - 4 potions of resistance
Miscellaneous
 D - a box of beasts {used: 8}
 M - a box of beasts {used: 1}


   Skills:
 + Level 9.9(9.6) Fighting
 + Level 14.5(14.2) Short Blades
 + Level 3.8(3.7) Throwing
 + Level 3.9(3.7) Armour
 + Level 17.0(16.8) Dodging
 + Level 14.1(13.9) Stealth
 + Level 9.4(9.1) Shields
 + Level 2.3(2.1) Invocations
 * Level 8.1(7.9) Evocations


You had 13 spell levels left.
You knew the following spells:

 Your Spells              Type           Power        Failure   Level  Hunger
a - Corona                Hex            #......      38%         1    ##.....


Dungeon Overview and Level Annotations

Branches:
Dungeon (11/15)            Temple (1/1) D:6            Lair (8/8) D:11
  Swamp (0/4) Lair:3       Spider (0/4) Lair:3        Slime (0/6) Lair:6
    Orc (4/4) D:11
    Elf: Orc:3-4

Altars:
Ashenzari
Cheibriados
Dithmenos
Elyvilon
Gozag
Makhleb
Nemelex Xobeh
Okawaru
Qazlal
Ru
Trog
Vehumet
Xom
Yredelemnul
The Shining One
Jiyva

Shops:
D:6 (   D:9 *


Innate Abilities, Weirdness & Mutations

You are small and have problems with some larger weapons.
You are carnivorous and can eat meat at any time.
You are clumsy. (Dex -2)
You are somewhat resistant to further mutation.
Your natural rate of healing is unusually fast.
You occasionally shout uncontrollably at your foes.
You can spit weak poison.


Message History

The orc wizard casts a spell.
The orc wizard blinks!
The orc knight hits you with a great mace!!
The orc hits you with a club.
The orc wizard points at you and mumbles some strange words.
The magic dart hits you!
The orc sorcerer hits you but does no damage.
The orc knight roars a battlecry!
The orc wizard goes into a battle-frenzy!
The orc knight barely misses you.
The soul eater hits you but does no damage.
The orc wizard hits you with a dagger. The orc hits you but does no damage.
The orc sorcerer hits you but does no damage.
The soul eater hits you!
* * * LOW HITPOINT WARNING * * *
You partially resist.
You feel drained.
The orc knight roars a battlecry!
The orc wizard goes into a battle-frenzy!
The orc knight hits you with a great mace!!
You die...

........# ........#
..#.....#### ..##.......###
..####.......#
.#####.......###
.......))....).###
^......())))[)...##
.......#)##.##)o@o###
#....########..3oo..###
##...#### #.))......#
........# ##.#...o..#
......##### #............
........#.###......#...o...
(.##....#..###.##..........
.###........####...........
.#####.....## ##.#$.......


You could see an orc knight, a soul eater, an orc sorcerer, 2 orc wizards and 2
orcs.

Vanquished Creatures
  Kirke (Lair:5)
  Donald (Orc:4)
  Maud (Lair:4)
  2 orc warlords (Orc:4)
  Nessos (Orc:3)
  The ghost of Mercurio the Spry, a journeyman KoAs of Ru (Lair:8)
  Fannar (D:11)
  Harold (Lair:3)
  4 hydras
  A catoblepas (Lair:3)
  Erica (D:9)
  An ogre mage (Orc:2)
  An orc high priest (Orc:4)
  A deep elf knight (Bailey)
  Nergalle (D:11)
  2 orc knights (Orc:4)
  An oklob plant (Lair:7)
  An unseen horror (D:10)
  An ugly thing (D:11)
  An orc sorcerer (Orc:4)
  A spectral centaur (D:11)
  6 black mambas
  20 elephants
  A gargoyle (D:11)
  7 spiny frogs
  A torpor snail (Lair:8)
  9 komodo dragons
  3 fire drakes
  5 trolls
  A guardian mummy (Volcano)
  3 deep elf priests (Bailey)
  A two-headed ogre (D:9)
  A polar bear (Lair:8)
  27 blink frogs
  A giant leech (Lair:8)
  2 boulder beetles (Lair:8)
  A minotaur skeleton (Volcano)
  2 flying skulls (Volcano)
  3 vampires (Volcano)
  Sigmund (D:3)
  A wraith (D:8)
  5 deep elf magi (Bailey)
  52 yaks
  A hog (Lair:5)
  7 hippogriffs
  2 deep elf fighters (Bailey)
  A basilisk (Lair:8)
  A hungry ghost (D:8)
  Grum (D:8)
  24 wolves
  Menkaure (D:7)
  A steam dragon (Lair:5)
  A hill giant skeleton (Volcano)
  6 water moccasins
  6 wargs
  A merfolk skeleton (Volcano)
  10 porcupines
  30 orc warriors
  5 ice beasts
  4 phantoms
  A sky beast (D:8)
  3 centaurs
  A black bear (D:7)
  6 ogres
  A manticore skeleton (Volcano)
  11 crocodiles
  13 giant frogs
  A wyvern zombie (D:11)
  A gnoll sergeant (D:6)
  3 wights (D:11)
  2 troll skeletons (Volcano)
  2 electric eels (Lair:7)
  3 jellies
  30 orc wizards
  A quasit (D:6)
  7 crimson imps
  2 giant frog zombies
  6 hounds
  15 two-headed ogre zombies (Orc:2)
  Crazy Yiuf (D:4)
  32 orc priests
  7 centaur skeletons
  A giant frog skeleton (D:7)
  Terence (D:3)
  5 iguanas
  3 two-headed ogre skeletons (Volcano)
  29 sheep
  8 worker ants
  2 mummies (Volcano)
  2 hound skeletons
  A worker ant zombie (D:11)
  Robin (D:3)
  12 gnolls
  27 river rats
  13 adders
  2 oozes
  5 adder skeletons
  4 worms
  208 orcs
  5 giant cockroaches
  15 goblins
  8 hobgoblins
  6 quokkas
  A ball python (D:3)
  10 bats
  9 giant geckos
  9 giant newts
  12 jackals
  10 kobolds
  6 rats
  2 crawling corpses (Bailey)
  2 plants
849 creatures vanquished.

Vanquished Creatures (collateral kills)
  A hydra (Lair:8)
  2 lindwurms (Lair:8)
  A hill giant (D:10)
  An orc sorcerer (Orc:4)
  A black mamba (Lair:8)
  An orc warrior (Orc:4)
  2 crocodiles (Lair:5)
  8 river rats
  An orc (Orc:4)
18 creatures vanquished.

Vanquished Creatures (others)
  A human (Lair:6)
  3 river rats (Lair:5)
  2 orcs
  A quokka (D:6)
  4 bushes (Lair:8)
  13 fungi
  14 plants
38 creatures vanquished.

Grand Total: 905 creatures vanquished

Notes
Turn   | Place    | Note
--------------------------------------------------------------
     0 | D:1      | Leibowitz the Kobold Gladiator began the quest for the Orb.
     0 | D:1      | Reached XP level 1. HP: 12/12 MP: 1/1
   474 | D:1      | Reached XP level 2. HP: 4/17 MP: 2/2
  1132 | D:1      | Reached skill level 1 in Stealth
  1529 | D:1      | Reached XP level 3. HP: 22/22 MP: 3/3
  2010 | D:2      | Found a glowing golden altar of the Shining One.
  2118 | D:2      | Reached XP level 4. HP: 14/27 MP: 4/4
  2899 | D:3      | Reached XP level 5. HP: 11/31 MP: 5/5
  3224 | D:3      | Noticed an ogre
  3238 | D:3      | Killed an ogre
  3238 | D:3      | Reached skill level 1 in Armour
  3238 | D:3      | Reached skill level 5 in Stealth
  3238 | D:3      | Reached XP level 6. HP: 36/36 MP: 6/6
  3270 | D:3      | Noticed Sigmund
  3273 | D:3      | Killed Sigmund
  3273 | D:3      | Reached skill level 5 in Short Blades
  3273 | D:3      | Reached skill level 6 in Stealth
  3277 | D:3      | Noticed Terence
  3278 | D:3      | Noticed Robin
  3367 | D:3      | Killed Robin
  3367 | D:3      | Reached XP level 7. HP: 34/40 MP: 7/7
  3649 | D:3      | Gained mutation: You can spit weak poison. [potion of mutation]
  3649 | D:3      | Gained mutation: Your natural rate of healing is unusually fast. [potion of mutation]
  3649 | D:3      | Gained mutation: You occasionally shout uncontrollably at your foes. [potion of mutation]
  3672 | D:3      | Found a sacrificial altar of Ru.
  3738 | D:3      | Killed Terence
  4057 | D:3      | Reached skill level 5 in Dodging
  4368 | D:4      | Reached skill level 7 in Stealth
  4972 | D:4      | Noticed Crazy Yiuf
  4979 | D:4      | Killed Crazy Yiuf
  4979 | D:4      | Reached XP level 8. HP: 46/46 MP: 8/8
  5103 | D:5      | Entered Level 5 of the Dungeon
  5448 | D:5      | Found a shattered altar of Ashenzari.
  5451 | D:5      | Found an iron altar of Okawaru.
  5454 | D:5      | Found a burning altar of Makhleb.
  5459 | D:5      | Became a worshipper of Warmaster Okawaru
  5788 | D:5      | Found a basalt altar of Yredelemnul.
  5788 | D:5      | Found a bloodstained altar of Trog.
  5789 | D:5      | Found a stormy altar of Qazlal.
  6153 | D:6      | Found a staircase to the Ecumenical Temple.
  6174 | D:6      | Reached * piety under Okawaru
  6174 | D:6      | Reached skill level 8 in Stealth
  6180 | Temple   | Entered the Ecumenical Temple
  6278 | D:6      | Found a white marble altar of Elyvilon.
  6581 | D:6      | Reached XP level 9. HP: 48/52 MP: 6/9
  6667 | D:6      | Found Yraurobe's Antique Weapon Emporium.
  6675 | D:6      | Bought a blowgun for 50 gold pieces
  7278 | D:6      | Reached skill level 1 in Shields
  7465 | D:7      | Noticed Menkaure
  7811 | D:7      | Killed Menkaure
  8047 | D:7      | Reached ** piety under Okawaru
  8047 | D:7      | Reached skill level 5 in Fighting
  8201 | D:8      | Found a flagged portal.
  8224 | Bailey   | Entered a bailey
  8242 | Bailey   | Noticed a deep elf priest
  8242 | Bailey   | Reached XP level 10. HP: 52/59 MP: 10/10
  8249 | Bailey   | Noticed a deep elf priest
  8253 | Bailey   | Reached skill level 9 in Stealth
  8261 | Bailey   | Killed a deep elf priest
  8273 | Bailey   | Killed a deep elf priest
  8281 | Bailey   | Reached *** piety under Okawaru
  8283 | Bailey   | Noticed a deep elf priest
  8291 | Bailey   | Killed a deep elf priest
  8291 | Bailey   | Received a gift from Okawaru
  8296 | Bailey   | Reached skill level 1 in Invocations
  8413 | Bailey   | Noticed a deep elf knight
  8444 | Bailey   | Killed a deep elf knight
  8569 | Bailey   | Reached skill level 5 in Shields
  8579 | Bailey   | Reached **** piety under Okawaru
  8714 | D:8      | Noticed Grum
  8716 | D:8      | Received a gift from Okawaru
  8761 | D:8      | Killed Grum
  8761 | D:8      | Reached skill level 10 in Stealth
  8779 | D:8      | Reached XP level 11. HP: 34/64 MP: 12/12
  8871 | D:8      | Reached skill level 10 in Dodging
  8985 | D:8      | Found a stormy altar of Qazlal.
  9696 | D:9      | Reached ***** piety under Okawaru
  9809 | D:9      | Noticed Erica
  9834 | D:9      | Killed Erica
  9945 | D:9      | Identified the Grimoire of Hexes
  9948 | D:9      | Learned a level 1 spell: Corona
 10015 | D:9      | Reached skill level 11 in Dodging
 10108 | D:9      | Found Qeulaf's Demolitions Depot.
 10453 | D:9      | Reached skill level 10 in Short Blades
 10550 | D:10     | Entered Level 10 of the Dungeon
 10679 | D:10     | Found a snail-covered altar of Cheibriados.
 10695 | D:10     | Noticed a hill giant
 10728 | D:10     | Killed a hill giant
 11177 | D:10     | Killed an unseen horror
 11177 | D:10     | Received a gift from Okawaru
 11180 | D:10     | Got a pair of encrusted gloves {god gift}
 11204 | D:10     | Identified the +0 pair of gloves "Zirewirr" {rN+ Regen+ Str+3 Int+3} (Okawaru gifted it to you on level 10 of the Dungeon)
 11225 | D:10     | Reached XP level 12. HP: 37/71 MP: 13/13
 11537 | D:11     | Reached ****** piety under Okawaru
 11842 | D:11     | Found a staircase to the Orcish Mines.
 11940 | D:11     | Reached skill level 12 in Dodging
 12061 | D:11     | Noticed Fannar
 12063 | D:11     | Killed Fannar
 12620 | D:11     | Noticed Nergalle
 12628 | D:11     | Found a staircase to the Lair.
 12650 | D:11     | Killed Nergalle
 12704 | Lair:1   | Entered Level 1 of the Lair of Beasts
 12726 | Lair:1   | Gained mutation: You are somewhat resistant to further mutation. [potion of beneficial mutation]
 12962 | Lair:1   | Noticed an eight-headed hydra
 12969 | Lair:1   | Killed an eight-headed hydra
 13355 | Lair:2   | Reached skill level 13 in Dodging
 13549 | Lair:2   | Received a gift from Okawaru
 13605 | Lair:2   | Got a shimmering short sword {god gift}
 13606 | Lair:2   | Identified the +1 short sword of Corruption {speed, +Blink Str+4} (Okawaru gifted it to you on level 2 of the Lair of Beasts)
 13687 | Lair:2   | Reached XP level 13. HP: 78/78 MP: 14/14
 13728 | Lair:2   | Noticed a six-headed hydra
 13733 | Lair:2   | Killed a six-headed hydra
 14044 | Lair:2   | Got a crude short sword
 14045 | Lair:2   | Identified the cursed +3 short sword of Accord {flame, MP+9 Int+6 Stlth+} (You found it on level 2 of the Lair of Beasts)
 14393 | Lair:2   | Reached skill level 14 in Dodging
 14647 | Lair:3   | Found a hole to the Spider Nest.
 14651 | Lair:3   | Noticed Harold
 14660 | Lair:3   | Found a staircase to the Swamp.
 14691 | Lair:3   | Killed Harold
 14920 | Lair:3   | Received a gift from Okawaru
 14923 | Lair:3   | Got a fine quick blade {god gift}
 14924 | Lair:3   | Identified the +1 quick blade "Globulus" {drain, +Blink +Rage rN+ MR-} (Okawaru gifted it to you on level 3 of the Lair of Beasts)
 15703 | Lair:4   | Noticed Maud
 15756 | Lair:4   | Killed Maud
 15756 | Lair:4   | Reached skill level 1 in Evocations
 16757 | Lair:5   | Noticed Kirke
 16768 | Lair:5   | Received a gift from Okawaru
 16777 | Lair:5   | Reached XP level 14. HP: 48/84 MP: 14/16
 16795 | Lair:5   | Killed Kirke
 16801 | Lair:5   | Got a twisted hat {god gift}
 16817 | Lair:5   | Identified the +2 hat "Affaann" {Stlth+} (Okawaru gifted it to you on level 5 of the Lair of Beasts)
 17136 | Lair:6   | Reached skill level 15 in Dodging
 17432 | Lair:6   | Found a viscous altar of Jiyva.
 17432 | Lair:6   | Found a staircase to the Slime Pits.
 18497 | Lair:7   | Reached skill level 5 in Evocations
 18646 | Lair:7   | Received a gift from Okawaru
 18709 | Lair:7   | Found a dark tunnel.
 18716 | Volcano  | Entered a volcano
 20166 | Lair:8   | Entered Level 8 of the Lair of Beasts
 20338 | Lair:8   | Reached skill level 16 in Dodging
 20534 | Lair:8   | Received a gift from Okawaru
 20773 | Lair:8   | Noticed Mercurio's ghost (journeyman KoAs)
 20822 | Lair:8   | Reached XP level 15. HP: 81/91 MP: 19/19
 21374 | Lair:8   | Got a bloodstained troll leather armour
 21385 | Lair:8   | Identified the cursed +0 troll leather armour "Bomeom" {Regen+ Str+2 Int+2} (You found it on level 8 of the Lair of Beasts)
 21564 | Lair:8   | Killed Mercurio's ghost
 21936 | Orc:1    | Entered Level 1 of the Orcish Mines
 22397 | Orc:2    | Received a gift from Okawaru
 22410 | Orc:2    | Got a crude amber ring
 22412 | Orc:2    | Identified the ring "Teimotith" {*Contam rF+ rN+ Int+3 Stlth+} (You took it off an orc priest on level 2 of the Orcish Mines)
 22423 | Orc:2    | Gained mutation: You are clumsy. (Dex -2) [mutagenic glow]
 22586 | Orc:1    | HP: 4/92 [orc priest/divine providence (13)]
 24042 | Orc:3    | Noticed Nessos
 24054 | Orc:3    | Killed Nessos
 24297 | Orc:4    | Entered Level 4 of the Orcish Mines
 24348 | Orc:4    | Noticed an orc warlord
 24416 | Orc:4    | Killed an orc warlord
 24576 | Orc:4    | Noticed Donald
 24598 | Orc:4    | Killed Donald
 24838 | Orc:4    | Noticed an orc warlord
 24847 | Orc:4    | Reached skill level 17 in Dodging
 25083 | Orc:4    | Killed an orc warlord
 25175 | Orc:4    | Paralysed by an orc sorcerer for 4 turns
 25178 | Orc:4    | Slain by an orc knight

Action                   |  1- 3 |  4- 6 |  7- 9 | 10-12 | 13-15 || total
-------------------------+-------+-------+-------+-------+-------++-------
Melee: Rapier            |   123 |    96 |    24 |       |       ||   243
       Dagger            |     6 |       |   504 |  1197 |  2100 ||  3807
       Short sword       |       |       |       |   126 |   462 ||   588
       Quick blade       |       |       |       |       |   227 ||   227
       Knife             |       |       |       |       |   113 ||   113
 Fire: Blowgun           |       |       |       |    11 |       ||    11
Throw: Throwing net      |     2 |     8 |     2 |       |     4 ||    16
Invok: Heroism           |       |       |     2 |     4 |     8 ||    14
 Abil: Stop Flying       |       |       |       |       |     1 ||     1
       Evoke Flight      |       |       |       |       |     1 ||     1
Evoke: Box of beasts     |       |       |       |     2 |     7 ||     9
       Wand              |       |       |       |       |    23 ||    23
  Use: Scroll            |       |       |    11 |     4 |     9 ||    24
       Potion            |       |       |    13 |     5 |     2 ||    20
 Stab: Sleeping          |     6 |     7 |     9 |    22 |    35 ||    79
       Held in net/web   |     1 |     1 |     1 |       |     2 ||     5
       Distracted        |       |       |     6 |     3 |    14 ||    23
       Invisible         |       |       |       |     5 |    18 ||    23
       Petrified         |       |       |       |       |     1 ||     1
  Eat: Chunk             |    12 |     4 |    16 |    19 |    39 ||    90
